 Dungeon Crawl Stone Soup version 0.31.0-9-g3a7656b989 (console) character file.

Game seed: 11085557208611132431

188516 AlterAsc the Brawler (level 18, -2/144 HPs)
             Began as an Octopode Shapeshifter on Jan 31, 2024.
             Was an Initiate of Gozag.
             Slain by a vault guard
             ... wielding a +0 battleaxe
             ... led by a vault warden
              (17 damage)
             ... on level 1 of the Vaults.
             The game lasted 01:51:35 (31526 turns).

AlterAsc the Brawler (Octopode Shapeshifter)       Turns: 31526, Time: 01:51:35

Health: -2/144     AC: 14    Str: 47    XL:     18   Next: 10%
Magic:  18/18      EV: 24    Int: 13    God:    Gozag
Gold:   1611       SH:  0    Dex: 12    Spells: 17/17 levels left

rFire   . .          .
                       - Unarmed
rCold   + . .        p - melded +5 kite shield {reflect}
rNeg    . . .        (helmet currently unavailable)
rPois   +            b - amulet of Oheuseus {Acrobat rPois Regen+ Str+4}
rElec   +            r - +6 ring of strength
rCorr   +            u - +6 ring of strength
SInv    +            c - +6 ring of strength
Will    ++...        N - ring of willpower
Stlth   ++++++       I - ring of protection from cold
HPRegen 1.24/turn    P - ring "Vuheddi" {Fly rElec rCorr Dex-3 SInv}
MPRegen 0.16/turn    Q - +5 ring of evasion
                     U - +5 ring of evasion

%: acrobat
@: snake-form, frozen, gold aura, flying, studying Stealth, very slow
A: constrict, boosted hp, almost no armour, amphibious, 8 rings, large,
(camouflage 1), (gelatinous body 1), (nimble swimmer 1), (tentacles)
}: 1/15 runes: decaying
a: Begin Untransformation, Renounce Religion, Potion Petition, Call Merchant,
Bribe Branch


You were on level 1 of the Vaults.
You worshipped Gozag.
Gozag was most pleased with you.
You were an enormous serpent.
You visited 7 branches of the dungeon, and saw 30 of its levels.
You visited 1 bazaar.
You also visited: Gauntlet.

You collected 11628 gold pieces.
You spent 4919 gold pieces at shops.
You paid 5098 gold pieces to Gozag.

Inventory:

Missiles
 x - 2 throwing nets
Armour
 p - a +5 kite shield of reflection (melded)
Jewellery
 b - the amulet of Oheuseus (around neck) {Acrobat rPois Regen+ Str+4}
   (You bought it in a shop in a bazaar)

   [amulet of the acrobat]

   Acrobat:   It increases your evasion while moving and waiting.
   Str+4:     It affects your strength (+4).
   rPois:     It protects you from poison Regen+: It increases your rate of
   health regeneration.
 c - a +6 ring of strength (on tentacle)
 o - a ring of positive energy
 r - a +6 ring of strength (left tentacle)
 u - a +6 ring of strength (right tentacle)
 I - a ring of protection from cold (on tentacle)
 N - a ring of willpower (on tentacle)
 P - the ring "Vuheddi" (on tentacle) {Fly rElec rCorr Dex-3 SInv}
   (You bought it in a shop on level 10 of the Dungeon)

   [ring of resist corrosion]

   Dex-3:     It affects your dexterity (-3).
   rElec:     It insulates you from electricity.
   SInv:      It lets you see invisible.
   Fly:       It grants you flight.
   rCorr:     It protects you from acid and corrosion.
 Q - a +5 ring of evasion (on tentacle)
 U - a +5 ring of evasion (on tentacle)
Talismans
 E - the serpent talisman "Atarijef" (active) {Dex+3 Stlth+}
   (You found it on level 6 of the Dungeon)

   [serpent talisman]

   Dex+3:     It affects your dexterity (+3).
   Stlth+:    It makes you more stealthy.
 G - a talisman of death
Wands
 a - a wand of charming (63)
 l - a wand of polymorph (22)
 q - a wand of digging (8) (quivered)
 K - a wand of iceblast (24)
 W - a wand of acid (21)
 X - a wand of flame (42)
 Y - a wand of mindburst (28)
Scrolls
 d - 13 scrolls of teleportation
 i - 4 scrolls of poison
 j - 4 scrolls of blinking
 v - 4 scrolls of identify
 w - 6 scrolls of revelation
 y - a scroll of silence
 A - 2 scrolls of vulnerability
 C - a scroll of amnesia
 D - 4 scrolls of fear
 H - 5 scrolls of immolation
 O - a scroll of torment
 V - a scroll of fog
Potions
 e - a potion of resistance
 f - 8 potions of curing
 h - a potion of ambrosia {unknown}
 k - a potion of mutation
 m - 3 potions of enlightenment
 n - a potion of magic
 s - a potion of haste
 t - a potion of heal wounds
 B - 3 potions of might
 F - 5 potions of lignification
 J - 4 potions of brilliance
 L - 3 potions of attraction
 M - 5 potions of berserk rage
 R - a potion of cancellation
 T - 4 potions of invisibility
Miscellaneous
 g - a condenser vane
 S - a phial of floods
 Z - a phantom mirror


   Skills:
 - Level 10.0 Fighting
 - Level 11.2 Dodging
 - Level 12.0 Stealth
 + Level 20.0 Unarmed Combat
 + Level 18.7 Shapeshifting


You had 17 spell levels left.
You didn't know any spells.
Your spell library contained the following spells:

 Spells                   Type           Power      Damage    Failure   Level
 Summon Small Mammal      Summ           0%         N/A       30%         1
 Jinxbite                 Hex            0%         N/A       43%         2
 Lesser Beckoning         Tloc           0%         N/A       43%         2
 Scorch                   Fire           0%         2d5       43%         2
 Sublimation of Blood     Necr           0%         N/A       43%         2
 Call Canine Familiar     Summ           0%         N/A       67%         3
 Gell's Gravitas          Tloc           0%         N/A       67%         3
 Inner Flame              Hex/Fire       0%         N/A       67%         3
 Stone Arrow              Conj/Erth      0%         3d7       67%         3
 Teleport Other           Tloc           0%         N/A       67%         3
 Volatile Blastmotes      Fire/Tloc      0%         2d10      67%         3
 Cause Fear               Hex            0%         N/A       97%         4
 Flame Wave               Conj/Fire      0%         2d4       97%         4
 Fulminant Prism          Conj/Alch      0%         3d5       97%         4
 Iskenderun's Mystic Bla  Conj/Tloc      0%         2d3       97%         4
 Olgreb's Toxic Radiance  Alch           0%         N/A       97%         4
 Petrify                  Alch/Erth      0%         N/A       97%         4
 Sticky Flame             Fire/Alch      0%         2d4       97%         4
 Summon Blazeheart Golem  Fire/Summ      0%         N/A       97%         4
 Summon Lightning Spire   Summ/Air       0%         N/A       97%         4
 Vhi's Electric Charge    Tloc/Air       0%         N/A       97%         4
 Arcjolt                  Conj/Air       0%         1d10      100%        5
 Fireball                 Conj/Fire      0%         3d3       100%        5
 Irradiate                Conj/Alch      0%         3d11      100%        5
 Lee's Rapid Deconstruct  Erth           0%         3d4*      100%        5
 Yara's Violent Unravell  Hex/Alch       0%         3d3       100%        5
 Plasma Beam              Fire/Air       0%         2x1d10    100%        6
 Summon Cactus Giant      Summ           0%         N/A       100%        6
 Enfeeble                 Hex            0%         N/A       100%        7
 Haunt                    Necr/Summ      0%         N/A       100%        7
 Ozocubu's Refrigeration  Ice            0%         4d7       100%        7
 Borgnjor's Revivificati  Necr           0%         N/A       100%        8
 Discord                  Hex            0%         N/A       100%        8
 Lehudib's Crystal Spear  Conj/Erth      0%         10d2      100%        8
 Death's Door             Necr           0%         N/A       100%        9
 Dragon's Call            Summ           0%         N/A       100%        9
 Animate Armour           Summ/Erth      Unusable   N/A       N/A         4

Dungeon Overview and Level Annotations

Branches:
Dungeon (14/15)            Temple (1/1) D:4            Lair (5/5) D:10
  Swamp (4/4) Lair:2        Snake (3/4) Lair:3        Slime (0/5) Lair:4
    Orc (2/2) D:10            Elf (0/3) Orc:2        Vaults (1/5) D:13
Gauntlet (visited)

Altars:
Ashenzari
Cheibriados
Dithmenos
Elyvilon
Fedhas
Gozag
Hepliaklqana
Kikubaaqudgha
Makhleb
Nemelex Xobeh
Okawaru
Qazlal
Ru
Sif Muna
Trog
Uskayaw
Vehumet
Wu Jian
Xom
Yredelemnul
Zin
The Shining One
Jiyva

Shops:
D:7 ?   D:9 **(!   D:10 =   Orc:2 [(*![(   Lair:2 ***   Swamp:2 =   Swamp:3 =
Snake:1 =

Annotations:
D:3 1 runed translucent door, Crazy Yiuf
D:5 exclusion: water moccasin
D:13 4 runed translucent doors
D:14 6 runed translucent doors
Lair:2 exclusion: oklob plant
Lair:3 2 transporters, exclusion: oklob plant, Sadonosm's ghost, journeyman DgSk
Snake:1 1 runed translucent door, TuffENuff's ghost, adept FoFi


Innate Abilities, Weirdness & Mutations

You are an enormous serpent.
You have a powerful constriction melee attack.
Your maximum health is increased.
Your armour is entirely melded.
You are incapable of wielding weapons or throwing items.
You cannot wear most types of armour.
You are amphibious.
You can wear up to eight rings at the same time.
((Your skin changes colour to match your surroundings (Stealth+).))
((Your rubbery body absorbs attacks. (AC +1, EV +1)))
((You are camouflaged when in or above water. (Stealth+)))
((You have tentacles for arms and can constrict up to eight enemies at once.))


Message History

You hit the vault guard.
The vault guard is almost dead.
You constrict the vault guard.
The vault warden hits you with a +1 war axe of flaming!
The vault warden burns you! The vault guard completely misses you.
You hit the vault warden.
The vault warden is lightly wounded.
You constrict the vault guard!
You kill the vault guard!
You body-slam the vault warden!!
The vault warden blocks your attack.
The vault warden is heavily wounded.
The vault guard hits you with a +0 battleaxe!
The vault warden completely misses you. The vault warden blocks your attack.
You grab the vault warden.
The vault warden is heavily wounded.
You constrict the vault warden, but do no damage.
You body-slam the vault warden!!
The vault warden is severely wounded.
You constrict the vault warden, but do no damage.
The vault guard barely misses you.
The ironbound thunderhulk barely misses you.
The vault warden completely misses you.
You hit the vault warden but do no damage.
The vault warden is severely wounded.
You constrict the vault warden.
The vault guard hits you with a +0 battleaxe!
The vault warden hits you with a +1 war axe of flaming!
* * * LOW HITPOINT WARNING * * *
The vault warden burns you.
* * * LOW HITPOINT WARNING * * *
The ironbound frostheart calls freezing cold from the walls.
The frost grips you!! You resist.
* * * LOW HITPOINT WARNING * * *
You are encased in ice.
You feel much better.
The runic seals fade away.
You constrict the vault warden.
The ironbound thunderhulk hits you with a +0 dire flail!!
* * * LOW HITPOINT WARNING * * *
The vault guard hits you with a +0 battleaxe!
You die...
Your body crumbles into a pile of gold.

####################
...................#
...................#
........########...#
###'##..#......#...#
.....#..)......+...#
.....#..#......#...+
.....#..#......#...#
.∩...#..#......#...#
.....#..#......#...#
.....#..#......#Sp.#
.....#..#......#Op.#
.....#..########p..#
.....# ....# .....#
....# .....# .....#
.....# ......#


You could see a vault warden, an ironbound thunderhulk, a vault guard and an
ironbound frostheart.

Vanquished Creatures
  Nikola (Snake:1)
  Rupert (Snake:1)
  Asterion (Snake:3)
  Mlioglotl (Snake:3)
  Frances (D:12)
  Kirke (D:14)
  2 thorn hunters
  A tengu reaver (D:13)
  Donald (Swamp:1)
  Aizul (Snake:3)
  A fenstrider witch (Swamp:1)
  Louise (D:14)
  An ironbound preserver (Vaults:1)
  6 eleionomae
  A minotaur (Gauntlet)
  2 bunyips
  Josephine (D:14)
  2 shambling mangroves
  An ice dragon (D:12)
  8 alligators
  6 centaur warriors
  24 hydras
  2 vault guards (Vaults:1)
  A ghost crab (Swamp:1)
  A catoblepas (Gauntlet)
  5 two-headed ogres
  4 anacondas
  2 death knights
  A tengu warrior (D:13)
  7 boulder beetles
  3 naga warriors
  A spriggan berserker (Swamp:2)
  7 naga sharpshooters
  2 shock serpents
  2 skysharks (Lair:5)
  Sonja (Lair:1)
  Nergalle (D:10)
  2 deep elf knights
  A sixfirhy (Gauntlet)
  10 goliath frogs
  The ghost of tadhg the Thaumaturge, a novice DECj of Vehumet (D:8)
  5 spriggan druids
  5 deep trolls (Vaults:1)
  16 swamp dragons
  2 mana vipers (Snake:2)
  2 bog bodies
  3 naga ritualists
  A harpy (shapeshifter) (D:13)
  3 deep elf pyromancers
  2 orc knights
  An orange crystal statue (Gauntlet)
  5 wolf spiders
  3 salamanders
  3 ugly things
  2 orc sorcerers (Orc:1)
  17 elephants
  A guardian serpent (Snake:3)
  A manticore (D:13)
  4 meliai
  3 will-o-the-wisps
  A torpor snail (Lair:2)
  2 cyclopes
  19 black mambas
  7 naga magi
  17 cane toads
  8 kobold blastminers (Orc:2)
  3 gargoyles
  6 rime drakes
  An unseen horror (D:10)
  5 komodo dragons
  4 freezing wraiths (D:14)
  3 kobold demonologists (D:12)
  An efreet (D:14)
  3 polar bears
  6 trolls
  A bloated husk (Swamp:1)
  12 tyrant leeches
  19 blink frogs
  Prince Ribbit (D:6)
  4 dream sheep (Lair:2)
  13 hornets
  A tarantella (D:14)
  5 jumping spiders (D:14)
  8 spriggans
  A slime creature (D:13)
  2 shadows (D:12)
  2 vampires (D:12)
  41 yaks
  4 wyverns
  6 wargs (Orc:2)
  5 basilisks
  6 wraiths
  3 steam dragons
  A basilisk (shapeshifter) (D:13)
  Eustachio (D:6)
  9 vampire mosquitoes
  A redback (D:13)
  14 nagas
  15 swamp worms
  11 water moccasins
  35 orc warriors
  13 swamp drakes
  2 sky beasts
  An ice beast (D:7)
  A black bear (shapeshifter) (D:13)
  4 black bears
  2 laughing skulls
  A crocodile (shapeshifter) (D:13)
  21 wolves
  10 centaurs
  7 ogres
  2 phantoms
  4 kobold brigands
  18 bullfrogs
  2 gnoll sergeants
  5 scorpions
  4 wights (D:10)
  15 killer bees
  5 howler monkeys
  4 electric eels
  4 hounds
  4 jellies (Lair:4)
  A gnoll bouda (D:6)
  15 orc priests
  4 iguanas
  Natasha (thrice) (D:3)
  22 orc wizards
  12 gnolls
  4 adders
  A shadow imp (D:7)
  2 white imps
  4 ufetubi
  2 dart slugs
  67 orcs
  5 ball pythons
  8 endoplasms
  2 goblins
  4 hobgoblins
  9 jackals
  32 kobolds
  2 quokkas
  3 bats
  2 frilled lizards
  7 rats
845 creatures vanquished.

Vanquished Creatures (others)
  A bloated husk (Swamp:4)
  A centaur (Orc:2)
  6 foxfires
8 creatures vanquished.

Grand Total: 853 creatures vanquished

Notes
Turn   | Place    | Note
-------+----------+-------------------------------------------
     0 | D:1      | AlterAsc the Octopode Shapeshifter began the quest for the
                  | Orb.
     0 | D:1      | Reached XP level 1. HP: 13/13 MP: 1/1
   354 | D:1      | Reached XP level 2. HP: 18/18 MP: 2/2
   823 | D:2      | Reached skill level 4 in Unarmed Combat
   823 | D:2      | Reached XP level 3. HP: 17/23 MP: 3/3
  1601 | D:3      | Reached XP level 4. HP: 5/28 MP: 4/4
  1822 | D:3      | Found a burning altar of Makhleb.
  1967 | D:3      | Noticed Natasha
  1986 | D:3      | Killed Natasha
  1987 | D:3      | Reached skill level 5 in Unarmed Combat
  1987 | D:3      | Reached XP level 5. HP: 31/33 MP: 5/5
  2143 | D:3      | Found a runed translucent door.
  2144 | D:3      | Noticed Crazy Yiuf
  2168 | D:3      | Noticed Natasha
  2201 | D:3      | Killed Natasha
  2473 | D:3      | Noticed Natasha
  2499 | D:3      | Killed Natasha
  2827 | D:4      | Reached XP level 6. HP: 38/38 MP: 6/6
  2954 | D:4      | Reached skill level 5 in Shapeshifting
  3164 | D:4      | Found a staircase to the Ecumenical Temple.
  3165 | D:4      | Identified the +1 helmet "Laorosuirph" {rF- Will+ Str+2
                  | SInv}
  3174 | Temple   | Entered the Ecumenical Temple
  3179 | Temple   | Became a worshipper of Gozag Ym Sagoz the Greedy
  3740 | D:5      | Entered Level 5 of the Dungeon
  3759 | D:5      | Noticed a water moccasin
  3929 | D:5      | Identified the +1 robe of the Moon Troll {Dex+4}
  4328 | D:5      | Reached XP level 7. HP: 41/43 MP: 7/7
  4531 | D:5      | Found a broken altar of Ashenzari.
  4971 | D:6      | Identified the serpent talisman "Atarijef" {Dex+3 Stlth+}
  5182 | D:6      | Reached XP level 8. HP: 28/48 MP: 8/8
  5517 | D:6      | Noticed Prince Ribbit
  5558 | D:6      | Killed Prince Ribbit
  5670 | D:6      | Noticed Eustachio
  5679 | D:6      | Killed Eustachio
  5680 | D:6      | Reached skill level 10 in Shapeshifting
  5680 | D:6      | Reached XP level 9. HP: 48/53 MP: 9/9
  5914 | D:6      | Found a blossoming altar of Fedhas.
  5914 | D:6      | Found a sparkling altar of Nemelex Xobeh.
  6486 | D:7      | Found Sul Fayrat's Magic Scroll Emporium.
  6505 | D:7      | Bought a scroll of identify for 20 gold pieces
  6505 | D:7      | Bought a scroll of identify for 20 gold pieces
  6505 | D:7      | Bought a scroll of identify for 20 gold pieces
  6507 | D:7      | Identified a scroll of acquirement
  7248 | D:8      | Noticed a two-headed ogre
  7349 | D:8      | Killed a two-headed ogre
  7350 | D:8      | Reached skill level 6 in Unarmed Combat
  7350 | D:8      | Reached XP level 10. HP: 61/62 MP: 10/10
  7433 | D:8      | Identified the +1 ring mail "Monyoj" {+Inv rPois rC++
                  | Str-4}
  7517 | D:8      | Found a glowing silver altar of Zin.
  7549 | D:8      | Reached skill level 7 in Unarmed Combat
  7618 | D:8      | Found a blossoming altar of Fedhas.
  7737 | D:8      | Found a transporter.
  7737 | D:8      | Found a transporter.
  7738 | D:8      | Noticed tadhg's ghost (novice DECj)
  7741 | D:8      | Identified the +7 giant club "Kevenlid" {flame, rN+ rCorr
                  | Int+3}
  7741 | D:8      | Noticed a two-headed ogre
  7813 | D:8      | Reached skill level 8 in Unarmed Combat
  7826 | D:8      | Acquired 715 gold pieces
  7845 | D:8      | Found an ornate altar of the Wu Jian Council.
  7996 | D:9      | Found Xabrod's Weapon Shoppe.
  8050 | D:9      | Found Rodiaclu's Distillery.
  8058 | D:9      | Bought 2 potions of heal wounds for 110 gold pieces
  8058 | D:9      | Bought a potion of curing for 33 gold pieces
  8058 | D:9      | Bought a potion of might for 44 gold pieces
  8058 | D:9      | Bought a potion of might for 44 gold pieces
  8058 | D:9      | Bought a potion of curing for 33 gold pieces
  8223 | D:9      | Found Rurotukh's Antique Weapon Shoppe.
  8236 | D:9      | Noticed a two-headed ogre
  8245 | D:9      | Killed a two-headed ogre
  8246 | D:9      | Reached skill level 9 in Unarmed Combat
  8478 | D:9      | Found Romaj's General Store.
  8487 | D:9      | Found a shadowy altar of Dithmenos.
  8488 | D:9      | Bought a scroll of identify for 30 gold pieces
  8584 | D:9      | Found Juher's Assorted Antiques.
  8593 | D:9      | Bought an onyx ring for 85 gold pieces
  8593 | D:9      | Bought a scroll of blinking for 127 gold pieces
  8724 | D:9      | Found a hazy altar of Hepliaklqana.
  8830 | D:10     | Entered Level 10 of the Dungeon
  8830 | D:10     | Noticed Nergalle
  8830 | D:10     | Found a staircase to the Lair.
  9003 | D:10     | Found a staircase to the Orcish Mines.
  9016 | D:10     | Reached skill level 10 in Unarmed Combat
  9028 | D:10     | Reached XP level 11. HP: 69/69 MP: 11/11
  9333 | D:10     | Killed Nergalle
  9603 | D:10     | Reached skill level 11 in Unarmed Combat
  9737 | D:10     | Bought the ring "Vuheddi" {Fly rElec rCorr Dex-3 SInv} for
                  | 510 gold pieces
  9738 | D:10     | Bought a +5 ring of evasion for 540 gold pieces
  9758 | Lair:1   | Entered Level 1 of the Lair of Beasts
 10001 | Lair:1   | Reached skill level 12 in Unarmed Combat
 10500 | Lair:1   | Noticed Sonja
 10507 | Lair:1   | Killed Sonja
 10508 | Lair:1   | Reached skill level 13 in Unarmed Combat
 10905 | Lair:1   | Reached XP level 12. HP: 74/74 MP: 12/12
 11021 | D:10     | Bought a +5 ring of evasion for 540 gold pieces
 11086 | Lair:2   | Reached skill level 5 in Dodging
 11184 | Lair:2   | Reached skill level 14 in Unarmed Combat
 11352 | Lair:2   | Noticed a seven-headed hydra
 11373 | Lair:2   | Found a staircase to the Swamp.
 11671 | Lair:2   | Killed a seven-headed hydra
 11672 | Lair:2   | Reached skill level 15 in Unarmed Combat
 12250 | Lair:3   | Noticed a boulder beetle
 12263 | Lair:3   | Noticed Sadonosm's ghost (journeyman DgSk)
 12418 | Lair:3   | Found a staircase to the Snake Pit.
 12463 | Lair:3   | Found a transporter.
 12471 | Lair:3   | Found a transporter.
 12567 | Lair:3   | Reached skill level 16 in Unarmed Combat
 12604 | Lair:3   | Reached XP level 13. HP: 79/79 MP: 13/13
 14513 | D:12     | Reached skill level 17 in Unarmed Combat
 14760 | D:12     | Noticed an ice dragon
 14769 | D:12     | Killed an ice dragon
 15058 | D:12     | Noticed Frances
 15073 | D:12     | Killed Frances
 15197 | D:12     | Reached skill level 5 in Fighting
 15516 | Orc:1    | Entered Level 1 of the Orcish Mines
 16022 | Orc:2    | Entered Level 2 of the Orcish Mines
 16384 | D:10     | Bought an amulet of regeneration for 450 gold pieces
 16384 | D:10     | Bought a +6 ring of strength for 540 gold pieces
 16512 | Orc:2    | Found a staircase to the Elven Halls.
 16597 | Orc:2    | Found Puqed's Antique Weapon Boutique.
 16670 | Orc:2    | Found Bivet's Armour Emporium.
 16855 | Orc:2    | Reached XP level 14. HP: 68/90 MP: 14/14
 17054 | Orc:2    | Found Rufojege's Assorted Antiques.
 17054 | Orc:2    | Found Nicewara's Distillery.
 17054 | Orc:2    | Found Sicsuz's Armour Emporium.
 17058 | Orc:2    | Found Gicud's Weapon Boutique.
 17442 | Orc:2    | Bought a potion of invisibility for 120 gold pieces
 17444 | Orc:2    | Bought 2 potions of resistance for 300 gold pieces
 17621 | Lair:4   | Found a gate leading to a gauntlet.
 17630 | Gauntlet | Entered a Gauntlet
 17630 | Gauntlet | Found a transporter.
 17630 | Gauntlet | Found a large runed translucent door.
 17630 | Gauntlet | Found a large runed translucent door.
 17630 | Gauntlet | Found a large runed translucent door.
 17630 | Gauntlet | Found a large runed translucent door.
 17630 | Gauntlet | Found a runed translucent door.
 17630 | Gauntlet | Found a runed translucent door.
 17630 | Gauntlet | Found a large runed translucent door.
 17630 | Gauntlet | Found a large runed translucent door.
 17630 | Gauntlet | Found a large runed translucent door.
 17630 | Gauntlet | Found a large runed translucent door.
 17630 | Gauntlet | Found a large runed translucent door.
 17630 | Gauntlet | Found a large runed translucent door.
 17631 | Gauntlet | Found a large runed translucent door.
 17631 | Gauntlet | Found a large runed translucent door.
 17642 | Gauntlet | Found a transporter.
 17656 | Gauntlet | Found a transporter.
 17661 | Gauntlet | Found a transporter.
 17676 | Gauntlet | Found a transporter.
 17695 | Gauntlet | Found a transporter.
 17697 | Gauntlet | Noticed a quicksilver ooze
 17707 | Gauntlet | Found a transporter.
 17719 | Gauntlet | Found a transporter.
 17731 | Gauntlet | Found a transporter.
 17743 | Gauntlet | Found a transporter.
 17760 | Gauntlet | Found a transporter.
 17778 | Gauntlet | Found a transporter.
 17780 | Gauntlet | Found a transporter.
 17798 | Gauntlet | Found a large runed translucent door.
 17799 | Gauntlet | Found a large runed translucent door.
 17803 | Gauntlet | Found a runed translucent gate.
 17803 | Gauntlet | Found a runed translucent gate.
 17803 | Gauntlet | Found a runed translucent gate.
 17805 | Gauntlet | Found a transporter.
 17807 | Gauntlet | Found a transporter.
 17813 | Gauntlet | Found a large runed translucent door.
 17814 | Gauntlet | Found a large runed translucent door.
 17827 | Gauntlet | Found a transporter.
 17905 | Gauntlet | Found a transporter.
 17925 | Gauntlet | Found a transporter.
 18370 | Gauntlet | Identified the +1 helmet of Complete Protection {Str+6}
 18497 | Gauntlet | Identified the ring of Fanaticism {Fly Str+5}
 18620 | Lair:4   | Found a staircase to the Slime Pits.
 18621 | Lair:4   | Found a viscous altar of Jiyva.
 19481 | Lair:5   | Entered Level 5 of the Lair of Beasts
 19582 | Lair:5   | Identified the +5 great mace "Beetleslayer" {protect,
                  | Will+}
 20018 | Lair:5   | Reached skill level 15 in Shapeshifting
 20027 | Lair:5   | Reached XP level 15. HP: 100/100 MP: 15/15
 21442 | D:13     | Found a runed translucent door.
 21445 | D:13     | Found a runed translucent door.
 21445 | D:13     | Found a runed translucent door.
 21668 | D:13     | Found a runed translucent door.
 21852 | D:13     | Found a gate to the Vaults.
 21853 | D:13     | Noticed a tengu reaver
 21866 | D:13     | Killed a tengu reaver
 22244 | D:14     | Found a runed translucent door.
 22434 | D:14     | Found a shimmering altar of Xom.
 22533 | D:14     | Noticed Josephine
 22547 | D:14     | Killed Josephine
 22548 | D:14     | Reached skill level 10 in Dodging
 22612 | D:14     | Noticed Kirke
 22616 | D:14     | Killed Kirke
 22695 | D:14     | Noticed Louise
 22711 | D:14     | Killed Louise
 22857 | D:14     | Reached skill level 10 in Fighting
 22873 | D:14     | HP: 6/122 [death knight/+0 broad axe (30)]
 22989 | D:14     | Reached skill level 5 in Stealth
 23307 | D:14     | Found a runed translucent gate.
 23307 | D:14     | Found a runed translucent gate.
 23307 | D:14     | Found a runed translucent gate.
 23307 | D:14     | Found a runed translucent gate.
 23308 | D:14     | Found a runed translucent gate.
 23310 | D:14     | Found a runed translucent gate.
 23496 | Swamp:1  | Entered Level 1 of the Swamp
 23518 | Swamp:1  | Noticed Donald
 23877 | Swamp:1  | Killed Donald
 23942 | Swamp:1  | Reached XP level 16. HP: 104/104 MP: 16/16
 24099 | Swamp:1  | Noticed a fenstrider witch
 24111 | Swamp:1  | Killed a fenstrider witch
 24212 | Lair:2   | Bought a scroll labelled TAGIVV HISYME for 25 gold pieces
 24212 | Lair:2   | Bought a potion of heal wounds for 125 gold pieces
 24212 | Lair:2   | Bought a scroll of teleportation for 75 gold pieces
 24212 | Lair:2   | Bought a thin filigree amulet for 125 gold pieces
 24225 | Lair:2   | Bought a scroll of identify for 82 gold pieces
 24501 | Swamp:1  | Identified the +0 pair of boots "Dait" {-Tele rN+ rCorr}
 25083 | Swamp:2  | Bought a ring of willpower for 425 gold pieces
 25907 | Swamp:2  | Reached skill level 10 in Stealth
 25981 | Swamp:2  | Identified the +3 hand axe of the Spider Nest {vamp, rF+
                  | rC+ Dex+2}
 26201 | Swamp:3  | Noticed a thorn hunter
 26219 | Swamp:3  | Killed a thorn hunter
 26361 | Swamp:3  | Reached skill level 18 in Unarmed Combat
 26690 | Snake:1  | Entered Level 1 of the Snake Pit
 26782 | Snake:1  | Noticed Nikola
 26792 | Snake:1  | Killed Nikola
 26950 | Snake:1  | Found Gimuar's Jewellery Shop.
 26952 | Snake:1  | Identified the +3 morningstar of Uhylyo {heavy, Int+2
                  | Dex+6}
 26966 | Snake:1  | Identified the ring of Kiqu {+Blink rF- Int+6 Dex+2}
 27085 | Snake:1  | Noticed Rupert
 27086 | Snake:1  | Noticed TuffENuff's ghost (adept FoFi)
 27091 | Snake:1  | Found a runed translucent door.
 27104 | Snake:1  | Killed Rupert
 27187 | Snake:1  | Reached XP level 17. HP: 115/115 MP: 17/17
 28879 | Snake:3  | Found a flickering gateway to a bazaar.
 28892 | Bazaar   | Entered a bazaar
 28898 | Bazaar   | Found Biag's Jewellery Boutique.
 28920 | Bazaar   | Found Yfiett's Antique Weapon Emporium.
 28941 | Bazaar   | Found Humol's Book Boutique.
 28961 | Bazaar   | Found Ihefebue's Antique Armour Shoppe.
 28988 | Bazaar   | Bought the amulet of Oheuseus {Acrobat rPois Regen+ Str+4}
                  | for 496 gold pieces
 29066 | Snake:3  | Identified the serpent talisman of the Blessed Realm {Str+3
                  | Stlth+}
 29066 | Snake:3  | Noticed Aizul
 29082 | Snake:3  | Killed Aizul
 29235 | Snake:3  | Noticed Asterion
 29244 | Snake:3  | Killed Asterion
 29258 | Snake:3  | Reached skill level 19 in Unarmed Combat
 29335 | Snake:3  | Noticed Mlioglotl
 29342 | Snake:3  | Noticed a tentacled starspawn
 29344 | Snake:3  | Killed Mlioglotl
 29712 | D:8      | Killed tadhg's ghost
 30288 | Swamp:4  | Entered Level 4 of the Swamp
 30790 | Swamp:4  | Got a decaying rune of Zot
 31036 | Swamp:4  | Reached XP level 18. HP: 120/120 MP: 18/18
 31450 | Vaults:1 | Entered Level 1 of the Vaults
 31480 | Vaults:1 | Reached skill level 20 in Unarmed Combat
 31526 | Vaults:1 | Slain by a vault guard

Illustrated notes

Levels and vault maps discovered:
D:1:      ncdulo_lavacross, layout_basic, hangedman_abyss_or_decor_lesser_grid
D:2:      layout_basic, serial_corexii_hall, corexii_hall_statues_u,
          corexii_hall_statues_x, corexii_hall_statues_t, corexii_hall_statues_x
D:3:      layout_basic, mainiacjoe_overflow_surrounded_room,
          uniq_crazy_yiuf_cottage, uniq_natasha
D:4:      layout_basic, temple_hall
D:5:      layout_basic, ashenzari_conservatory_becter
D:6:      layout_cave_pools, gammafunk_temple_overflow_statue, fountainhead,
          uniq_prince_ribbit1, uniq_eustachio
D:7:      layout_loops_corners, serial_shops, shop
D:8:      layout_rooms, nicolae_wu_jian_wuxing_cycle, gammafunk_ghost_smash,
          hangedman_feature_mirror, nrook_pool_corridor
D:9:      layout_irregular_city, riverfiend_overflow_shadow_ancestor,
          serial_shops, nicolae_shop_just_a_little_nook, shop,
          nicolae_shop_bloodbath_and_beyond, nicolae_diamond_shop, shop
D:10:     layout_cave_pools, lair_entry_dummy, david_orc_3, uniq_nergalle
D:11:     layout_layer_cave, amcnicky_mini_corridor_feature
D:12:     minmay_stepped, layout_stronghold, uniq_frances
D:13:     minmay_the_grid_triangle_9x9_line_8_mashed
          [minmay_the_grid_triangle_9x9_fully_insulated_deathbox,
          minmay_the_grid_triangle_9x9_sparse_checkered,
          minmay_the_grid_triangle_9x9_zippers_vertical,
          minmay_the_grid_triangle_9x9_cache,
          minmay_the_grid_triangle_9x9_semitri,
          minmay_the_grid_triangle_9x9_subtriangle,
          minmay_the_grid_triangle_9x9_descending_squares,
          minmay_the_grid_triangle_9x9_prize_center], layout_loops_ring,
          hellmonk_vaults_attempted_burglary
D:14:     gammafunk_indiana_jones, layout_irregular_city,
          regret_index_xom_buried_treasure, uniq_louise, uniq_kirke,
          uniq_josephine
Temple:   minmay_freezing_vapour_temple
Lair:1:   layout_cave_pods, uniq_sonja
Lair:2:   layout_misc_corridors, nicolae_swamp_entry_splash_gauntlet
Lair:3:   minmay_lair_oklob_tunnel, layout_regular_city,
          guppyfry_snake_entry_island, nzn_ghost_randoct, lemuel_fruit_fields
Lair:4:   layout_hall_layers, minmay_slime_entry_pillars, gauntlet_entry_generic
Lair:5:   minmay_lair_end_frog_pond, layout_long_grid
Swamp:1:  layout_basic_swamp, evilmike_swamp_ruin_house_1, swamp_pool_5,
          uniq_donald
Swamp:2:  cheibrodos_swamp_heart_of_darkness, layout_falls_marsh,
          serial_swamp_ruin, evilmike_swamp_ruin_wall,
          evilmike_swamp_ruin_rubble_1, evilmike_swamp_ruin_house_5
Swamp:3:  layout_falls_marsh, infiniplex_staircase_pool
Swamp:4:  swamp, layout_basic_swamp, nicolae_swamp_long_stream
Snake:1:  layout_misc_corridors, serial_shops, shop,
          hellmonk_ghost_happy_afterlife, uniq_rupert, uniq_nikola
Snake:2:  layout_layer_cave
Snake:3:  layout_misc_corridors, serial_shops, bzr_entry_customers,
          uniq_asterion, uniq_mlioglotl, uniq_aizul
Orc:1:    nicolae_orc_accident_1, layout_caves, nicolae_orc_sculptors_studio
Orc:2:    st_orc_rangers, layout_diamond_mine, serial_shops, shop,
          nicolae_shop_tiny_waterfront, mines5_lemuel
Vaults:1: vaults_room_semicircle, v_misc_24, nicolae_vaults_sesquioval_fish,
          nicolae_vaults_crenellated_ambush, vaults_room_pools,
          nicolae_vaults_alarming, nicolae_vaults_diamond_2,
          nicolae_vaults_network_periphery, hangedman_vaults_impose,
          layout_vaults_omnibox

Skill      XL: |  1  2  3  4  5  6  7  8  9 10 11 12 13 14 15 16 17 18 |
---------------+-------------------------------------------------------+-----
Unarmed Combat | 4 5 6 10 13 16 17 18 19 20 | 20.0
Shapeshifting  | 4 6 7 10 11 12 13 15 16 17 18 | 18.7
Fighting       | 2 4 6 8 10 | 10.0
Dodging        | 4 5 6 8 11 | 11.2
Stealth        | 5 12 | 12.0

Action                     |  1- 3 |  4- 6 |  7- 9 | 10-12 | 13-15 | 16-18 || total
---------------------------+-------+-------+-------+-------+-------+-------++-------
  Melee: Unarmed           |    51 |   106 |   176 |   348 |   833 |   618 ||  2132
         Tentacles         |    14 |    18 |     9 |       |       |       ||    41
         Constrict         |    14 |    23 |    45 |    79 |   158 |    97 ||   416
         Punch             |       |     6 |     1 |     1 |       |       ||     8
  Throw: Dart              |       |     1 |    11 |       |       |       ||    12
 Invoke: Call Merchant     |       |       |       |     1 |       |     5 ||     6
Ability: Begin Untransform |       |       |       |       |       |     1 ||     1
  Evoke: Wand              |       |       |    14 |     8 |       |       ||    22
    Use: Potion            |       |     3 |     8 |     1 |     7 |    10 ||    29
         Scroll            |       |     5 |     9 |     6 |    10 |    12 ||    42
   Stab: Sleeping          |    15 |     5 |     2 |     2 |     2 |    18 ||    44
         Distracted        |       |     2 |     1 |     2 |     8 |    12 ||    25
 Armour: Skin              |    11 |    54 |   129 |   203 |   358 |   320 ||  1075
  Dodge: Dodged            |    19 |    46 |    85 |   197 |   738 |   534 ||  1619
  Block: Kite shield       |       |     3 |       |       |       |       ||     3
         Buckler           |       |     1 |     2 |     1 |     2 |       ||     6
   Form: Serpent           |       |       |     1 |       |       |     1 ||     2
